 Dungeon Crawl Stone Soup version 0.28-a0-1412-gf95308ed99 (webtiles) character file.

Game seed: 6404505612504873197

79 enile the Ruffian (level 4, 0/38 HPs)
             Began as a Minotaur Wanderer on Jan 6, 2022.
             Was a High Priest of Ignis.
             Killed by divine providence
             ... invoked by an orc priest
              (13 damage)
             ... on level 3 of the Dungeon.
             The game lasted 00:03:16 (2438 turns).

enile the Ruffian (Minotaur Wanderer)               Turns: 2438, Time: 00:03:17

Health: 0/38       AC:  4    Str: 15    XL:     4   Next: 17%
Magic:  4/4        EV: 10    Int:  9    God:    Ignis [*****.]
Gold:   116        SH:  3    Dex: 13    Spells: 4/5 levels left

rFire   + . .      SeeInvis .   k - +1 whip (drain)
rCold   . . .      Faith    .   m - +0 buckler
rNeg    . . .      Spirit   .   c - +0 leather armour
rPois   .          Reflect  .   (helmet restricted)
rElec   .          Harm     .   (no cloak)
rCorr   .          Rampage  .   i - +0 pair of gloves
Will    .....                   (no boots)
Stlth   +.........              (no amulet)
HPRegen 0.12/turn               (no ring)
MPRegen 0.09/turn               (no ring)

@: no status effects
A: horns 2, retaliatory headbutt
a: Renounce Religion, Fiery Armour, Foxfire Swarm, Rising Flame


You were on level 3 of the Dungeon.
You worshipped Ignis.
Ignis was extremely pleased with you.
You visited 1 branch of the dungeon, and saw 3 of its levels.

You collected 116 gold pieces.

Inventory:

Hand Weapons
 a - a +0 club
 g - a +0 short sword
 k - a +1 whip of draining (weapon)
Missiles
 h - 41 stones
Armour
 c - a +0 leather armour (worn)
 i - a +0 pair of gloves (worn)
 m - a +0 buckler (worn)
 p - a +0 helmet
Magical Staves
 f - a staff of death
Wands
 b - a wand of polymorph (7)
Scrolls
 e - a scroll of acquirement {unknown}
 l - a scroll of brand weapon {unknown}
 n - a scroll of fog {unknown}
 o - a scroll of vulnerability {unknown}
 r - a scroll of identify {unknown}
Potions
 d - 3 potions of attraction
 j - a potion of berserk rage {unknown}
 q - a potion of mutation {unknown}


   Skills:
 - Level 3.0 Fighting
 - Level 3.0 Maces & Flails
 - Level 2.0 Armour
 + Level 0.0 Shields
 - Level 3.2 Unarmed Combat
 - Level 1.0 Spellcasting
 - Level 2.1 Conjurations
 - Level 1.7 Evocations


You had 4 spell levels left.
You knew the following spells:

 Your Spells              Type           Power      Damage    Failure   Level
a - Foxfire               Conj/Fire      8%         2x1d4     36%         1

Your spell library contained the following spells:

 Spells                   Type           Power      Damage    Failure   Level
 Searing Ray              Conj           8%         2d4       36%         2
 Iskenderun's Mystic Bla  Conj/Tloc      2%         2d3       98%         4


Dungeon Overview and Level Annotations

Branches:
Dungeon (3/15)

Altars:
Ignis


Innate Abilities, Weirdness & Mutations

You have a pair of horns on your head.
You reflexively headbutt those who attack you in melee.


Message History

A frilled lizard is nearby!
Found a potion of attraction.
The frilled lizard bites you.
You closely miss the frilled lizard.
Your headbutt misses the frilled lizard.
The frilled lizard closely misses you. You furiously retaliate!
You headbutt the frilled lizard!
You kill the frilled lizard!
Training target 3.0 for Maces & Flails reached!
Your Maces & Flails skill increases to level 3!
You need to enable at least one skill for training.
You see here a frilled lizard corpse.
d - 3 potions of attraction (gained 1)
An orc priest comes into view. It is wielding a +0 club.
An orc priest is nearby!
An orc priest is nearby!
An orc and an orc priest come into view.
An orc and an orc priest come into view.
The orc priest shouts!
An orc comes into view. It is wielding a +0 mace.
The orc shouts!
The orc priest hits you with a +0 club.
You closely miss the orc priest. You headbutt the orc priest.
The orc priest is moderately wounded.
The orc priest hits you with a +0 club.
The orc priest invokes the aid of Beogh against you.
Beogh smites you!
Activating: Foxfire Swarm
Press: ? - help, Dir - look around, f - activate Flames leap up around you!
The foxfire hits the orc.
The orc is moderately wounded.
The foxfire hits the orc.
The orc is lightly wounded.
Unknown command.
Your foxfire dissipates!
The foxfire hits the orc.
You kill the orc!
The orc priest mumbles some strange prayers to Beogh against you.
Beogh smites you!
You die...

#######.. #.......
#...... ######.....
#.........
......o..
......oo###
.......o..##
.########)@# #.#
##.# #.# #.## #.#
#..# #.# ##.#
#.#### #.#
#....#######.#
#.##...†.....#
##+###....####....#


You could see 2 orc priests and 2 orcs.

Vanquished Creatures
  3 adders (D:2)
  A worm (D:2)
  2 dart slugs
  2 orcs (D:3)
  6 endoplasms
  A giant cockroach (D:1)
  3 goblins (D:1)
  8 hobgoblins
  2 kobolds (D:1)
  A quokka (D:1)
  7 ball pythons
  4 bats
  2 frilled lizards
  A spectral kobold (D:2)
43 creatures vanquished.

Vanquished Creatures (others)
  A foxfire (D:3)
1 creature vanquished.

Grand Total: 44 creatures vanquished

Notes
Turn   | Place    | Note
-------+----------+-------------------------------------------
     0 | D:1      | enile the Minotaur Wanderer began the quest for the Orb.
     0 | D:1      | enile set off with the following items: a +0 club, a wand
                  | of polymorph (7), a +0 leather armour, a potion of
                  | attraction; and the following spell memorised: Foxfire; and
                  | the following spells available to memorise: Searing Ray,
                  | Iskenderun's Mystic Blast
     0 | D:1      | Reached XP level 1. HP: 16/16 MP: 1/1
   304 | D:1      | Reached XP level 2. HP: 22/25 MP: 2/2
   940 | D:1      | Reached skill level 1 in Armour
  1192 | D:1      | Reached XP level 3. HP: 25/31 MP: 3/3
  1473 | D:2      | Reached skill level 1 in Maces & Flails
  1886 | D:2      | Found a faded altar of an unknown god.
  1942 | D:2      | Reached XP level 4. HP: 35/38 MP: 4/4
  2287 | D:2      | Prayed at the altar of an unknown god.
  2287 | D:2      | Became a worshipper of Ignis, the Dying Flame
  2438 | D:3      | Killed from afar by an orc priest

Illustrated notes

Levels and vault maps discovered:
D:1:      moated_graveyard_arrival, layout_basic
D:2:      layout_basic, dreamdust_ecumenical_altar_drowned_temple
D:3:      layout_basic, mainiacjoe_overflow_chevrons, minmay_misc_feat_x

Skill      XL: |  1  2  3  4 |
---------------+-------------+-----
Fighting       | 2 3 |  3.0
Armour         | 1 2 |  2.0
Maces & Flails | 2 3 |  3.0
Unarmed Combat | |  3.2
Spellcasting   | |  1.0
Conjurations   | |  2.1
Evocations     | |  1.7

Action                   |  1- 3 |  4- 6 || total
-------------------------+-------+-------++-------
Melee: Club              |     8 |       ||     8
       Short sword       |    48 |       ||    48
       Headbutt          |    12 |     2 ||    14
       Punch             |     1 |       ||     1
       Whip              |    41 |    10 ||    51
Invok: Foxfire Swarm     |       |     1 ||     1
Armor: Leather armour    |    35 |     1 ||    36
Dodge: Dodged            |    39 |     4 ||    43
Block: Buckler           |     2 |       ||     2

Table legend: (Time is in decaauts)
 A = Elapsed time spent in this place.
 B = Non-inter-level travel time spent in this place.
 C = Inter-level travel time spent in this place.
 D = Time resting spent in this place.
 E = Time spent auto-exploring this place.
 F = Levels seen in this place.
 G = Mean time per level.
                   A        B        C        D        E       F      G
               +--------+--------+--------+--------+--------+-----+--------+
         Total |   2451 |   2341 |    110 |      0 |   2025 |   3 |  817.0 |
       Dungeon |   2451 |   2341 |    110 |      0 |   2025 |   3 |  817.0 |
               +--------+--------+--------+--------+--------+-----+--------+

Top non-repeatable levels by time:
     D:1: 1435 daAuts
     D:2: 898 daAuts
     D:3: 117 daAuts
